 Dungeon Sprint DCSS version 0.30.1-11-g7821555f0a (webtiles) character file.

Game seed: 834110967840885168

21700 Groucho the Spry (level 12, -44/73 HPs)
             Began as a Spriggan Hunter on Nov 14, 2023.
             Was the Champion of Dithmenos.
             Killed from afar by a lich (70 damage)
             ... with a bolt of cold
             ... in the Dungeon (Sprint VII: "The Pits").
             The game lasted 00:23:14 (9646 turns).

Groucho the Spry (Spriggan Hunter)                  Turns: 9646, Time: 00:23:15

Health: -44/73     AC:  7    Str:  7    XL:     12   Next: 56%
Magic:  26/26      EV: 38    Int: 14    God:    Dithmenos [******]
Gold:   5          SH:  0    Dex: 23    Spells: 30/30 levels left

rFire   . . .        s - +0 arbalest
rCold   . . .        (shield currently unavailable)
rNeg    . . .        C - +2 robe
rPois   .            (helmet restricted)
rElec   .            (no cloak)
rCorr   .            (gloves unavailable)
SInv    +            (boots unavailable)
Will    ++...        (no amulet) Stlth **++++++++
                     f - +3 ring of protection
HPRegen 0.32/turn    j - +3 ring of intelligence
MPRegen 0.20/turn

%: no teleportation
@: wreathed by umbra, very quick
A: very small, no large weapons, unfitting armour, see invisible, speed 3
a: Renounce Religion, Shadow Step, Shadow Form


You were in the Dungeon.
You worshipped Dithmenos.
Dithmenos was exalted by your worship.
You visited 1 branch You collected 5 gold pieces.

Inventory:

Hand Weapons
 a - a +0 shortbow
 m - a +2 dagger
 s - a +0 arbalest (weapon)
Armour
 C - a +2 robe (worn)
Jewellery
 f - a +3 ring of protection (left hand)
 j - a +3 ring of intelligence (right hand)
 z - a ring of fire
 B - a ring of willpower
Wands
 n - a wand of mindburst (13)
 r - a wand of iceblast (4)
Scrolls
 b - 2 scrolls of immolation
 i - 2 scrolls of blinking
 k - 5 scrolls of amnesia
 l - a scroll of butterflies
 t - a scroll of fear
 u - 4 scrolls of enchant armour
 w - a scroll of fog
 x - 4 scrolls of enchant weapon
 y - a scroll of identify
 A - a scroll of brand weapon
Potions
 d - 5 potions of curing
 e - 6 potions of heal wounds
 g - 4 potions of magic
 h - a potion of berserk rage
 o - a potion of resistance
 p - 3 potions of might
 q - 2 potions of brilliance
 v - a potion of haste


   Skills:
 + Level 13.4 Fighting
 - Level 10.0 Short Blades
 + Level 16.0 Ranged Weapons
 + Level 20.0 Dodging
 - Level 15.0 Stealth
 + Level 9.7 Spellcasting
 - Level 5.0 Invocations
 - Level 15.0 Evocations


You had 30 spell levels left.
You didn't know any spells.
Your spell library contained the following spells:

 Spells                   Type           Power      Damage    Failure   Level
 Manifold Assault         Tloc           6%         N/A       71%         4
 Dispersal                Tloc           3%         N/A       100%        6
 Disjunction              Tloc           3%         N/A       100%        8


Dungeon Overview and Level Annotations

Branches:
Dungeon (1/1)

Altars:
Ashenzari
Cheibriados
Dithmenos
Elyvilon
Fedhas
Gozag
Hepliaklqana
Kikubaaqudgha
Makhleb
Nemelex Xobeh
Okawaru
Qazlal
Ru
Sif Muna
Trog
Uskayaw
Vehumet
Wu Jian
Xom
Yredelemnul
Zin
The Shining One
Jiyva
Lugonu


Innate Abilities, Weirdness & Mutations

You are very small and have problems with some larger weapons.
You are too small for most types of armour.
You have supernaturally acute eyesight. (SInv)
You cover ground extremely quickly. (Speed+++)


Message History

The white draconian stormcaller's mind is blasted!!!
Unknown command.
Unknown command.
Aiming: Mindburst
Press: ? - help, Shift-Dir - straight line, f/p - white draconian stormcaller
Aim: a white draconian stormcaller, wielding a +0 short sword and wearing a +0 cloak (almost dead, umbra, chance to affect: 86%)
The white draconian stormcaller's mind is blasted!!!
You blow up the white draconian stormcaller!
Dithmenos accepts your kill.
Your Ranged Weapons skill increases to level 16!
Your Dodging skill increases to level 20!
Unknown command.
Unknown command.
You start resting.
HP restored.
You start waiting.
You start waiting.
You start waiting.
A lich is nearby!
Unknown command.
You shoot a bolt. The bolt closely misses the lich.
The lich shouts!
Your shadow shoots a bolt.
The bolt hits the lich.
The lich casts a spell.
The lich seems to speed up.
You shoot a bolt. The bolt closely misses the lich.
Your shadow shoots a bolt.
The bolt barely misses the lich.
The lich conjures a glowing orb.
An orb of destruction comes into view.
You shoot a bolt. The bolt barely misses the lich.
The orb of destruction hits you!!!
Ouch! That really hurt!
* * * LOW HITPOINT WARNING * * *
You emit a cloud of dark smoke.
Unknown command.
You feel much better.
The lich points at you and mumbles some strange words.
The bolt of cold hits you!!!
Ouch! That really hurt!
You die...

############ #_________.#
#_________.#
#_______...###########++#########
##########'##......§§§L§.....##..
#.?(.')))'.##.....L#§§#......##..
##########.##[..@§§§§°○......'+..
#........))())).§§§§§§)°).°°)'+..
#'#####'#####....§§#..#.....)##..
#)#...#)#..##...§)).)........##..
#.#..÷#.#))#####'#####''#########
#.#.).'.#))##.......##''#########
#.##'####))##.......##).....#...'
#.#.....#[[##.......##....###...#
#.#.....#'###...<...##...##.'...'


You could see a lich (fast).

Vanquished Creatures
  A fire giant (D)
  A ghost moth (D)
  A draconian stormcaller (D)
  A deep elf demonologist (D)
  A green draconian (D)
  A deep elf annihilator (D)
  A deep elf death mage (D)
  A merfolk impaler (D)
  A great orb of eyes (D)
  A deep elf high priest (D)
  An ice dragon (D)
  An ogre mage (D)
  A two-headed ogre (D)
  A vampire mage (D)
  2 shadow wraiths (D)
  A fire crab (D)
  A bog body (D)
  A deep troll (D)
  A swamp dragon (D)
  Pikel (D)
  2 phantasmal warriors (D)
  An orc knight (D)
  A lindwurm (D)
  2 deep elf pyromancers (D)
  2 cyclopes (D)
  A smoke demon (D)
  An orange demon (D)
  Psyche (D)
  A wandering mushroom (D)
  A hornet (D)
  4 merfolk (D)
  5 dream sheep (D)
  An air elemental (D)
  3 ynoxinuls (D)
  A wyvern (D)
  A steam dragon (D)
  A basilisk (D)
  A water moccasin (D)
  A floating eye (D)
  A swamp drake (D)
  4 orc warriors (D)
  A black bear (D)
  An ogre (D)
  A sky beast (D)
  2 lemures (D)
  A centaur (D)
  2 phantoms (D)
  A bullfrog (D)
  2 scorpions (D)
  5 wights (D)
  4 killer bees (D)
  A crimson imp (D)
  2 hounds (D)
  3 orc priests (D)
  An iron imp (D)
  Jessica (D)
  A gnoll bouda (D)
  An iguana (D)
  2 orc wizards (D)
  An adder (D)
  5 gnolls (D)
  A river rat (D)
  6 orcs (D)
  2 endoplasms (D)
  2 kobolds (D)
  A quokka (D)
  A ball python skeleton (D)
  A frilled lizard (D)
  3 rats (D)
112 creatures vanquished.

Vanquished Creatures (others)
  A swamp drake (D)
1 creature vanquished.

Grand Total: 113 creatures vanquished

Notes
Turn   | Place    | Note
-------+----------+-------------------------------------------
     0 | D        | Groucho the Spriggan Hunter began the quest for the Orb.
     0 | D        | Reached XP level 1. HP: 10/10 MP: 2/2
    15 | D        | Reached skill level 3 in Dodging
    42 | D        | Found a glowing golden altar of the Shining One.
    42 | D        | Found a glowing silver altar of Zin.
    42 | D        | Found a basalt altar of Yredelemnul.
    42 | D        | Found a shimmering altar of Xom.
    42 | D        | Found an ornate altar of the Wu Jian Council.
    42 | D        | Found a bloodstained altar of Trog.
    42 | D        | Found a shimmering blue altar of Sif Muna.
    42 | D        | Found a sacrificial altar of Ru.
    42 | D        | Found a stormy altar of Qazlal.
    42 | D        | Found an iron altar of Okawaru.
    42 | D        | Found a sparkling altar of Nemelex Xobeh.
    42 | D        | Found a burning altar of Makhleb.
    42 | D        | Found a viscous altar of Jiyva.
    42 | D        | Found a hazy altar of Hepliaklqana.
    42 | D        | Found an opulent altar of Gozag.
    42 | D        | Found a blossoming altar of Fedhas.
    42 | D        | Found a white marble altar of Elyvilon.
    42 | D        | Found a shadowy altar of Dithmenos.
    42 | D        | Found a snail-covered altar of Cheibriados.
    43 | D        | Found a radiant altar of Vehumet.
    43 | D        | Found a corrupted altar of Lugonu.
    44 | D        | Found an ancient bone altar of Kikubaaqudgha.
    44 | D        | Found a hide-covered altar of Uskayaw.
    44 | D        | Found a broken altar of Ashenzari.
    49 | D        | Became a worshipper of Dithmenos the Shadowed
    77 | D        | Noticed a scorpion
   131 | D        | Killed a scorpion
   132 | D        | Reached skill level 5 in Ranged Weapons
   132 | D        | Reached skill level 5 in Dodging
   132 | D        | Reached skill level 5 in Stealth
   132 | D        | Reached XP level 2. HP: 16/16 MP: 3/5
   132 | D        | Reached XP level 3. HP: 20/20 MP: 3/6
   352 | D        | Reached * piety under Dithmenos
   356 | D        | Reached XP level 4. HP: 24/24 MP: 7/7
   358 | D        | Noticed a scorpion
   404 | D        | Killed a scorpion
   405 | D        | Reached skill level 6 in Dodging
   611 | D        | Reached XP level 5. HP: 29/29 MP: 9/9
   651 | D        | Reached ** piety under Dithmenos
   659 | D        | Reached skill level 7 in Dodging
   693 | D        | Reached *** piety under Dithmenos
   747 | D        | Noticed a centaur
   781 | D        | Reached skill level 5 in Invocations
   816 | D        | Killed a centaur
   816 | D        | Reached **** piety under Dithmenos
   817 | D        | Reached skill level 5 in Fighting
   817 | D        | Reached skill level 8 in Dodging
   817 | D        | Reached XP level 6. HP: 30/35 MP: 10/10
   839 | D        | Reached ***** piety under Dithmenos
   857 | D        | Noticed a steam dragon
   882 | D        | Killed a steam dragon
   883 | D        | Reached skill level 9 in Dodging
   883 | D        | Reached skill level 10 in Stealth
   892 | D        | Noticed Jessica
   892 | D        | Noticed Pikel
   898 | D        | Killed Pikel
   899 | D        | Reached skill level 5 in Short Blades
   899 | D        | Reached skill level 10 in Dodging
   899 | D        | Reached XP level 7. HP: 36/41 MP: 11/11
   899 | D        | Killed Jessica
   923 | D        | Noticed a great orb of eyes
  1139 | D        | Noticed a hornet
  1181 | D        | Paralysed by a great orb of eyes for 4 turns
  1193 | D        | Killed a great orb of eyes
  1194 | D        | Reached skill level 11 in Dodging
  1194 | D        | Reached XP level 8. HP: 18/46 MP: 12/12
  1197 | D        | Paralysed by a hornet for 1 turns
  1207 | D        | HP: 2/46 [hornet (15)]
  1210 | D        | Killed a hornet
  1211 | D        | Reached skill level 12 in Dodging
  1352 | D        | Reached skill level 10 in Ranged Weapons
  1352 | D        | Reached skill level 1 in Evocations
  1358 | D        | Reached ****** piety under Dithmenos
  1359 | D        | Reached XP level 9. HP: 23/51 MP: 13/13
  1685 | D        | Noticed a shadow wraith
  1733 | D        | Killed a shadow wraith
  1863 | D        | Reached skill level 13 in Dodging
  1994 | D        | Noticed a phantasmal warrior
  2036 | D        | Killed a phantasmal warrior
  2037 | D        | Reached skill level 15 in Stealth
  2037 | D        | Reached skill level 5 in Evocations
  2057 | D        | Noticed Psyche
  2060 | D        | Killed Psyche
  2787 | D        | Noticed a deep elf pyromancer
  2787 | D        | Noticed a deep elf pyromancer
  2790 | D        | Noticed a cyclops
  3026 | D        | Killed a cyclops
  3027 | D        | Reached skill level 14 in Dodging
  3027 | D        | Reached XP level 10. HP: 57/58 MP: 14/14
  3179 | D        | Noticed a ghost moth
  3180 | D        | Noticed a fire crab
  3204 | D        | Reached skill level 10 in Short Blades
  3215 | D        | Killed a ghost moth
  3241 | D        | Killed a fire crab
  3735 | D        | Killed a deep elf pyromancer
  3736 | D        | Reached skill level 15 in Dodging
  4366 | D        | Killed a deep elf pyromancer
  4367 | D        | Reached skill level 10 in Fighting
  4562 | D        | Reached skill level 10 in Evocations
  4838 | D        | Reached skill level 16 in Dodging
  4862 | D        | Noticed an orange demon
  4911 | D        | Killed an orange demon
  4912 | D        | Reached XP level 11. HP: 64/64 MP: 15/15
  5133 | D        | Noticed a bog body
  5135 | D        | Noticed a deep troll
  5491 | D        | Killed a deep troll
  5510 | D        | Noticed an orc knight
  5543 | D        | Killed an orc knight
  5646 | D        | Killed a bog body
  5665 | D        | Reached skill level 17 in Dodging
  5667 | D        | Noticed a swamp dragon
  5668 | D        | Noticed a fire giant
  5676 | D        | Killed a swamp dragon
  5966 | D        | Killed a fire giant
  6107 | D        | Noticed a phantasmal warrior
  6108 | D        | Noticed a lindwurm
  6114 | D        | Killed a phantasmal warrior
  6115 | D        | Reached skill level 1 in Spellcasting
  6189 | D        | Killed a lindwurm
  6716 | D        | Noticed a merfolk impaler
  6752 | D        | Killed a merfolk impaler
  6753 | D        | Reached skill level 18 in Dodging
  7141 | D        | Noticed a two-headed ogre
  7142 | D        | Paralysed by an air elemental for 1 turns
  7144 | D        | Noticed a shadow wraith
  7315 | D        | Killed a two-headed ogre
  7316 | D        | Reached skill level 5 in Spellcasting
  7521 | D        | Killed a shadow wraith
  7765 | D        | Reached XP level 12. HP: 72/72 MP: 21/21
  7806 | D        | Noticed a deep elf death mage
  7821 | D        | Killed a deep elf death mage
  7822 | D        | Reached skill level 15 in Ranged Weapons
  7927 | D        | Noticed a deep elf high priest
  7939 | D        | Killed a deep elf high priest
  7940 | D        | Reached skill level 15 in Evocations
  8062 | D        | Noticed a deep elf annihilator
  8062 | D        | Noticed a deep elf demonologist
  8062 | D        | Noticed a lich
  8062 | D        | Noticed a vampire mage
  8126 | D        | Noticed a deep elf demonologist
  8141 | D        | Killed a deep elf demonologist
  8142 | D        | Reached skill level 19 in Dodging
  8160 | D        | Noticed a two-headed ogre
  8160 | D        | Noticed a two-headed ogre
  8212 | D        | Noticed an ice dragon
  8276 | D        | Killed an ice dragon
  8571 | D        | Killed a vampire mage
  8644 | D        | Killed a deep elf annihilator
  8725 | D        | Noticed a green draconian
  8804 | D        | Killed a green draconian
  9118 | D        | Noticed an ogre mage
  9142 | D        | Killed an ogre mage
  9331 | D        | Noticed a lich
  9332 | D        | Noticed a white draconian stormcaller
  9465 | D        | Killed a white draconian stormcaller
  9466 | D        | Reached skill level 20 in Dodging
  9646 | D        | Killed from afar by a lich

Illustrated notes

Levels and vault maps discovered:
D:        pitsprint [storerooms_1, entrance_room_1, metal_vault_6, armoury_2,
          mini_pit_1, grid_room_1, main_hall_1, silver_pit, the_coven_3,
          the_vestibule_1, steel_vault_5, golden_pit, hallway_of_sentries,
          crystal_vault_2, iron_vault_1, final_vault]

Skill      XL: |  1  2  3  4  5  6  7  8  9 10 11 12 |
---------------+-------------------------------------+-----
Dodging        | 5 6 8 10 11 12 14 16 18 20 | 20.0
Stealth        | 5 7 9 12 13 14 15 | 15.0
Fighting       | 3 4 5 6 7 9 10 12 13 | 13.4
Ranged Weapons | 5 6 7 8 9 10 11 13 14 16 | 16.0
Invocations    | 2 3 4 5 |  5.0
Short Blades   | 2 5 7 9 10 | 10.0
Evocations     | 1 7 11 14 15 | 15.0
Spellcasting   | 5 9 |  9.7

Action                     |  1- 3 |  4- 6 |  7- 9 | 10-12 || total
---------------------------+-------+-------+-------+-------++-------
  Melee: Dagger            |       |    11 |    38 |    17 ||    66
   Fire: Shortbow          |    14 |    55 |   128 |   165 ||   362
         Arbalest          |       |       |       |   187 ||   187
 Invoke: Shadow Step       |       |       |     1 |       ||     1
  Evoke: Wand              |       |       |     3 |     8 ||    11
    Use: Potion            |       |     2 |     9 |     9 ||    20
   Stab: Sleeping          |       |     4 |     3 |       ||     7
         Invisible         |       |     2 |     1 |       ||     3
 Armour: Robe              |       |     1 |     4 |     3 ||     8
  Dodge: Dodged            |     2 |    28 |    86 |   123 ||   239
